 Dungeon Crawl Stone Soup version 0.22-a0-69-g116c2a8 (webtiles) character file.

125 KristoblXynda the Ducker (level 4, 0/23 HPs)
             Began as a Spriggan Fighter on Jan 11, 2018.
             Splashed by Ijyb's acid (8 damage)
             ... on level 3 of the Dungeon.
             The game lasted 00:03:27 (2739 turns).

KristoblXynda the Ducker (Spriggan Fighter)         Turns: 2739, Time: 00:03:27

Health: 0/23       AC: -2    Str: 12    XL:     4   Next: 82%
Magic:  5/5        EV: 20    Int: 10    God:
Gold:   101        SH:  6    Dex: 15    Spells: 3/3 levels left

rFire    . . .     SeeInvis +   o - +0 dagger
rCold    . . .     Gourm    .   c - +0 buckler
rNeg     . . .     Faith    .   b - +0 robe
rPois    .         Spirit   .   (helmet restricted)
rElec    .         Reflect  .   (no cloak)
rCorr    .         Harm     .   (gloves unavailable)
MR       .....                  (boots unavailable)
Stlth    +.........             (no amulet)
HPRegen  0.07/turn              (no ring)
MPRegen  0.09/turn              (no ring)

@: corroded, very quick
A: very small, unfitting armour, see invisible, herbivore, speed 3, slow
metabolism 2
a: no special abilities


You were on level 3 of the Dungeon.
You were not hungry.

You visited 1 branch of the dungeon, and saw 3 of its levels.

You collected 101 gold pieces.

Inventory:

Hand Weapons
 a - a +0 rapier
 o - a +0 dagger (weapon)
Armour
 b - a +0 robe (worn)
 c - a +0 buckler (worn)
Scrolls
 h - 3 scrolls of enchant weapon {unknown}
 i - 3 scrolls of identify {unknown}
 k - 2 scrolls of remove curse {unknown}
 m - a scroll of immolation {unknown}
 p - a scroll of fog {unknown}
 q - a scroll of amnesia {unknown}
 s - a scroll of enchant armour {unknown}
Potions
 d - a potion of might
 e - a potion of degeneration {unknown}
 g - 2 potions of ambrosia
 j - a potion of cancellation {unknown}
 l - a potion of mutation {unknown}
 n - a potion of haste {unknown}
 r - a potion of curing {unknown}
Comestibles
 f - 5 rations


   Skills:
 - Level 2.4 Fighting
 + Level 3.6 Short Blades
 + Level 5.9 Dodging
 + Level 0.0 Stealth
 + Level 3.0 Shields


You had 3 spell levels left.
You didn't know any spells.

Dungeon Overview and Level Annotations

Branches:
Dungeon (3/15)

Altars:
Fedhas
Sif Muna

Annotations:
D:3 Ijyb


Innate Abilities, Weirdness & Mutations

You are very small and have problems with some larger weapons.
You are too small for most types of armour.
You have supernaturally acute eyesight. (SInv)
You are a herbivore.
You cover ground extremely quickly.
You need consume almost no food.


Message History

A goblin comes into view.
A goblin is nearby!
A goblin is nearby!
Ijyb the Twisted Goblin comes into view.
The helpless Ijyb fails to defend herself.
You puncture Ijyb!
Ijyb is moderately wounded.
The goblin closely misses you. Ijyb hits you.
You barely miss Ijyb.
Ijyb is moderately wounded.
The goblin barely misses you.
You closely miss Ijyb.
Ijyb is moderately wounded.
Ijyb barely misses you. The goblin hits you but does no damage.
You barely miss Ijyb.
Ijyb is moderately wounded.
Ijyb zaps a wand.
The bolt of acid hits you!
Ouch! That really hurt!
The acid corrodes you!
You are splashed with acid!
The acid burns!
You die...

##.#####.##......
#.#####.##......
#....##.##.##...
#.##.##.##.####.
#...........###.
####
#.......##...... #.
... #.##...####.####
#.. #g##......# #.#
#.#####.@.......#
#.#
###.....#g##.####.#
#.# # # .......#.
#......# ##.# #.
#.##.##..####.######
#..#
#.##.#...#..##.....#
#.##
......_...........#
#.#
#..#...#.##......#
#.#
#..##.##.###.....#
#.## #........#
#.....# #..#


You could see Ijyb and a goblin.

Vanquished Creatures
  Jessica (D:2)
  4 gnolls (D:2)
  An adder (D:3)
  4 worms
  A leopard gecko (D:2)
  4 orcs (D:3)
  2 bats
  A giant cockroach (D:3)
  3 goblins
  6 hobgoblins
  2 frilled lizards
  7 kobolds
  5 rats
41 creatures vanquished.

Notes
Turn   | Place    | Note
-------+----------+-------------------------------------------
     0 | D:1      | KristoblXynda the Spriggan Fighter began the quest for the Orb.
     0 | D:1      | Reached XP level 1. HP: 11/11 MP: 2/2
   137 | D:1      | Reached XP level 2. HP: 16/16 MP: 3/3
   948 | D:2      | Noticed Jessica
   957 | D:2      | Killed Jessica
   957 | D:2      | Reached skill level 5 in Dodging
   957 | D:2      | Reached XP level 3. HP: 19/19 MP: 4/4
   971 | D:2      | Found a blossoming altar of Fedhas.
  1256 | D:2      | Found a faded altar of an unknown god.
  1444 | D:2      | Reached XP level 4. HP: 20/23 MP: 5/5
  2715 | D:3      | Found a deep blue altar of Sif Muna.
  2734 | D:3      | Noticed Ijyb
  2739 | D:3      | Splashed by Ijyb's acid

Vault maps used:
D:1:      dpeg_arrival_rooms_b, serial_bayou_pond_d
D:2:      lemuel_crystal_altar, chequers_ecumenical_altar_twisty,
          kennysheep_generic_room_4, uniq_jessica
D:3:      nicolae_overflow_crystal_walls, lightli_temple_of_fire, st_stairs_4,
          kennysheep_cross_bottleneck, nemelex_spade_bored_becter, uniq_purgy,
          uniq_ijyb

Skill      XL: |  1  2  3  4 |
---------------+-------------+-----
Short Blades   | 3 |  3.6
Dodging        | 5 |  5.9
Shields        | 3 |  3.0
Fighting       | |  2.4

Action                   |  1- 3 |  4- 6 || total
-------------------------+-------+-------++-------
Melee: Rapier            |    81 |     6 ||    87
       Dagger            |       |   132 ||   132
  Use: Potion            |     1 |       ||     1
 Stab: Sleeping          |     1 |     2 ||     3
Armor: Robe              |     6 |     3 ||     9
Dodge: Dodged            |    48 |    62 ||   110
Block: Buckler           |    32 |    20 ||    52

Table legend:
 A = Spawn XP
 B = Non-spawn XP
 C = Spawn XP percentage of total XP
 D = Spawn monster count
 E = Non-spawn monster count
 F = Spawn count percentage of total count
 G = Total turns spent on level
                    A         B        C        D         E        F      G
               +---------+---------+-------+---------+---------+-------+---------
         Total |       0 |     179 |   0.0 |       0 |      41 |   0.0 |  2739
               +---------+---------+-------+---------+---------+-------+---------
           D:1 |       0 |      13 |   0.0 |       0 |       8 |   0.0 |   522
           D:2 |       0 |     124 |   0.0 |       0 |      20 |   0.0 |  1560
           D:3 |       0 |      42 |   0.0 |       0 |      13 |   0.0 |   657
               +---------+---------+-------+---------+---------+-------+---------
